AoeStats
← HuerquenLa

Fortress

510375491Analyzed
1v1 RM · 1d ago on Sep 30, 2026· 69m 15s· 2 players
Game mode
Random Map
Map size
Small (3 player)
Population
200
Speed
Normal
Resources
Standard
Victory
Conquest
Starting age
Dark Age
Ending age
Imperial Age
RankedLock teamsTeams togetherTeam positionsShared explorationLock speedFull tech treeHidden civsTurbo modeCheats
Victory
Defeat
🇨🇴 Huns · Colombia
828
+14
🇦🇷 Bulgarians · Argentina
778
-14
HuerquenLa
13:18 Feudal Age
14:01 Loom
14:14 Double-Bit Axe
14:31 Horse Collar
19:50 Castle Age
19:37 Gold Mining
19:42 Stone Mining
20:35 Wheelbarrow
21:45 Heavy Plow
23:10 Bow Saw
24:31 Hand Cart
24:42 Scale Barding Armor
24:58 Forging
27:49 Fervor
28:32 Town Watch
28:35 Loom
29:28 Iron Casting
28:54 Scale Mail Armor
29:15 Chain Barding Armor
29:21 Murder Holes
30:31 Stirrups
34:00 Bloodlines
33:51 Husbandry
37:17 Imperial Age
35:03 Masonry
35:14 Ballistics
36:50 Town Patrol
37:06 Squires
36:27 Pikeman
38:40 Conscription
37:44 Halberdier
40:50 Crop Rotation
40:01 Capped Ram
41:40 Elite Konnik
42:56 Fletching
43:07 Padded Archer Armor
44:11 Blast Furnace
43:28 Chain Mail Armor
44:08 Gold Shaft Mining
44:13 Stone Shaft Mining
44:04 Siege Ram
46:34 Plate Mail Armor
47:00 Gambesons
47:01 Arson
46:47 Light Cavalry
48:47 Thumb Ring
48:03 Elite Skirmisher
xXM4X1M4Xx
3:20 Loom
8:49 Feudal Age
9:52 Double-Bit Axe
10:01 Horse Collar
14:20 Wheelbarrow
16:46 Castle Age
15:17 Bloodlines
18:54 Bow Saw
20:56 Stone Mining
22:42 Heavy Plow
23:33 Husbandry
23:54 Hand Cart
27:43 Bow Saw
30:26 Town Watch
34:16 Imperial Age
35:18 Padded Archer Armor
35:08 Fletching
35:21 Scale Mail Armor
35:31 Forging
35:16 Gold Mining
35:01 Cavalier
36:13 Light Cavalry
36:18 Capped Ram
37:38 Paladin
38:40 Conscription
37:52 Sappers
38:29 Hussar
39:18 Scale Barding Armor
39:49 Iron Casting
39:09 Bodkin Arrow
39:30 Leather Archer Armor
39:34 Chain Mail Armor
40:09 Ballistics
40:49 Chemistry
39:45 Murder Holes
40:01 Masonry
40:35 Elite Skirmisher
41:21 Thumb Ring
42:12 Gold Shaft Mining
43:56 Two-Man Saw
42:58 Bracer
43:21 Chain Barding Armor
44:02 Blast Furnace
43:50 Town Watch
45:23 Plate Barding Armor
45:52 Siege Ram
61:35 Squires
Connection lost

Rejoining the realm…

Still unreachable

The connection could not be restored.

Session expired

The server has moved on; the page needs a fresh start.